 Dungeon Crawl Stone Soup version 0.30-a0-953-g5f1da4a474 (webtiles) character file.

Game seed: 12766623597086476068

189245 kazekaze the Slayer (level 17, -11/173 HPs)
             Began as a Minotaur Berserker on Mar 28, 2023.
             Was a High Priest of Trog.
             Killed from afar by a deep elf annihilator (43 damage)
             ... with a bolt of lightning
             ... on level 3 of the Elven Halls.
             The game lasted 00:59:13 (23254 turns).

kazekaze the Slayer (Minotaur Berserker)           Turns: 23254, Time: 00:59:14

Health: -11/173    AC: 31    Str: 22    XL:     17   Next: 50%
Magic:  16/16      EV: 16    Int:  6    God:    Trog [*****.]
Gold:   2109       SH: 22    Dex: 16    Spells: 16/16 levels left

rFire   + . .      SeeInvis +    N - +5 broad axe (flame)
rCold   . . .      Faith    .    g - +5 kite shield {rF+}
rNeg    . . .      Spirit   .    Y - +2 plate armour of Vexation {Slay+3}
rPois   .          Reflect  +    Q - +4 hat of the Flute {Harm *Corrode Regen+}
rElec   .          Rampage  .    k - +0 cloak
rCorr   .          Harm     + .  f - +2 pair of gloves {hurl}
Will    +....                    m - +1 pair of boots Stlth
                                 P - amulet "Wahifuwo" {Reflect Fragile Regen+ Dex+4 SH+5 Stlth+}
HPRegen 2.08/turn                r - +5 ring of evasion
MPRegen 0.15/turn                J - ring of see invisible

@: lethally poisoned (-11 -> -11)
A: horns 2, retaliatory headbutt, weak 2
}: 1/15 runes: abyssal
a: Renounce Religion, Berserk, Trog's Hand, Brothers in Arms


You were on level 3 of the Elven Halls.
You worshipped Trog.
Trog was extremely pleased with you.
You visited 4 branches of the dungeon, and saw 25 of its levels.
You visited the Abyss 3 times.
You also visited: Gauntlet and Volcano.

You collected 2946 gold pieces.
You spent 837 gold pieces at shops.

Inventory:

Hand Weapons
 N - a +5 broad axe of flaming (weapon)
 R - a +6 war axe of venom
Missiles
 a - 6 silver javelins
Armour
 f - a +2 pair of gloves of hurling (worn)
 g - a +5 kite shield of fire resistance (worn)
 k - a +0 cloak (worn)
 m - a +1 pair of boots (worn)
 Q - the +4 hat of the Flute (worn) {Harm *Corrode Regen+}
   (You found it in a Gauntlet)

   Regen:     It increases your rate of health regeneration.
   *Corrode:  It may corrode you when you take damage.
   Harm:      It increases damage dealt and taken.
 Y - the +2 plate armour of Vexation (worn) {Slay+3}
   (You bought it in a shop on level 6 of the Dungeon)

   Slay:      It affects your accuracy & damage with ranged weapons and melee
   (+3).
Jewellery
 e - a ring of resist corrosion
 l - a ring of flight
 r - a +5 ring of evasion (left hand)
 z - a +6 ring of strength
 F - a ring of fire
 J - a ring of see invisible (right hand)
 K - a ring of magical power
 O - a ring of protection from cold
 P - the amulet "Wahifuwo" (around neck) {Reflect Fragile Regen+ Dex+4 SH+5 Stlth+}
   (You found it in a Gauntlet)

   [amulet of reflection]

   It reflects blocked missile attacks.
   Dex:       It affects your dexterity (+4).
   Regen:     It increases your rate of health regeneration.
   Fragile:   It will be destroyed if unequipped.
   SH:        It affects your SH (+5).
   Stlth:     It makes you more stealthy.
 T - an amulet of faith
 U - a ring of ice
Wands
 b - a wand of flame (47)
 h - a wand of polymorph (12)
 s - a wand of digging (7)
 y - a wand of paralysis (14)
 A - a wand of iceblast (20) (quivered)
 S - a wand of quicksilver (7)
Scrolls
 c - 17 scrolls of identify
 o - 2 scrolls of poison
 p - 3 scrolls of fog
 t - a scroll of amnesia {unknown}
 w - 2 scrolls of blinking
 x - a scroll of torment
 E - 8 scrolls of teleportation
 G - 4 scrolls of immolation
 H - 4 scrolls of enchant armour
 L - 3 scrolls of brand weapon
 M - a scroll of magic mapping
 V - a scroll of fear
Potions
 d - 2 potions of berserk rage
 i - 11 potions of curing
 j - 7 potions of cancellation
 n - 2 potions of lignification
 q - 5 potions of flight
 v - 2 potions of mutation
 B - 3 potions of heal wounds
 C - 5 potions of might
 D - 5 potions of haste
 I - a potion of magic {unknown}
 W - a potion of invisibility
Miscellaneous
 u - a box of beasts


   Skills:
 * Level 21.5 Fighting
 + Level 20.4 Axes
 * Level 2.7 Throwing
 * Level 16.9 Armour
 + Level 10.8 Dodging
 + Level 4.6 Stealth
 * Level 12.1 Shields
 - Level 1.0 Unarmed Combat
 * Level 2.1 Evocations


You had 16 spell levels left.
You didn't know any spells.
Your spell library was empty.

Dungeon Overview and Level Annotations

Branches:
Dungeon (15/15)            Temple (0/1) D:6            Lair (5/5) D:9
 Shoals (0/4) Lair:3        Snake (0/4) Lair:3        Slime (0/5) Lair:5
    Orc (2/2) D:9             Elf (3/3) Orc:2       Volcano (visited)
Gauntlet (visited)
 Vaults: D:13-14     Depths: D:15

Altars:
Ashenzari
Fedhas
Hepliaklqana
Kikubaaqudgha
Makhleb
Qazlal
Ru
Vehumet
Yredelemnul
Zin
The Shining One
Jiyva

Shops:
D:6 *   D:9 (   D:11 *   Orc:1 ((!   Orc:2 ??(:   Elf:2 [   Elf:3 =(=

Annotations:
Elf:2 3 runed translucent doors
Elf:3 1 runed translucent door, Pooter's ghost, adept MiBe


Innate Abilities, Weirdness & Mutations

You have a pair of horns on your head.
You reflexively headbutt those who attack you in melee.
You are very weak. (Str -4)


Message History

The deep elf annihilator points at you and mumbles some strange words.
The iron shot reflects off an invisible shield around you!
The iron shot hits the deep elf annihilator!!!
Unknown command.
Unknown command.
You feel very sick.
The deep elf archer shoots an arrow.
The arrow hits your ogre!!
The deep elf pyromancer gestures wildly while chanting.
The deep elf pyromancer blinks!
The deep elf pyromancer barely misses your ogre.
A deep elf annihilator comes into view. It is wielding a +0 long sword.
Your iron troll bites the deep elf pyromancer!!!
The deep elf pyromancer dies!
Trog accepts your kill.
Trog appreciates your killing of a magic user.
You hear a shout!
You are too injured to fight recklessly!
Unknown command.
You are too injured to fight recklessly!
You are too injured to fight recklessly!
Unknown command.
You are too injured to fight recklessly!
Unknown command.
You are too injured to fight recklessly!
Unknown command.
You slash the deep elf annihilator! You burn the deep elf annihilator.
You kill the deep elf annihilator!
Trog accepts your kill.
Trog appreciates your killing of a magic user.
You feel sick.
Your ogre completely misses the deep elf archer.
The deep elf archer shoots an arrow.
The arrow hits your ogre!!
Your ogre dies!
Your ogre's corpse disappears in a puff of smoke!
The deep elf annihilator casts a spell at you.
The bolt of lightning hits you!!!
* * * LOW HITPOINT WARNING * * *
The deep elf annihilator points at you and mumbles some strange words.
The bolt of lightning hits you!!!
You die...

... e... .. ...e# ##..
.....## ##.#...
.......### .#.....
.........##.......
...ยง...)..........
....ee.@).))......
#......)#T)#.....
###....##.)# ... #####
#))# # #.)# #))# #.)#
########).#############
.......[..))......#....


You could see 2 deep elf annihilators, a deep elf archer (repels missiles, ally
target), a deep elf pyromancer and a friendly iron troll (summoned, berserk).

Vanquished Creatures
  A hellephant (Elf:1)
  A deep elf blademaster (Elf:3)
  A lich (Abyss:3)
  A deep elf master archer (Elf:3)
  6 tentacled starspawn (Abyss:3)
  7 deep elf sorcerers (Elf:3)
  A ghost moth (shapeshifter) (D:12)
  An azure jelly (shapeshifter) (Elf:2)
  2 deep elf elementalists (Elf:3)
  4 very ugly things
  2 cacodemons
  A deep elf demonologist (Elf:1)
  5 deep elf annihilators
  A minotaur (Gauntlet)
  Snorg (D:14)
  A deep elf death mage (Elf:3)
  A great orb of eyes (Abyss:3)
  4 deep elf high priests (Elf:3)
  8 hydras
  An ice dragon (shapeshifter) (Elf:2)
  5 ogre magi
  A centaur warrior (D:14)
  5 boulder beetles
  A death knight (D:12)
  A boulder beetle (shapeshifter) (Elf:1)
  19 dancing weapons
  A death yak (Lair:4)
  A two-headed ogre (D:10)
  A death scarab (Gauntlet)
  2 thrashing horrors (Abyss:3)
  Urug (Lair:3)
  An orc high priest (Elf:1)
  A skyshark (Lair:5)
  Nergalle (Orc:2)
  3 wretched stars (Abyss:3)
  15 deep elf knights
  A fire crab (shapeshifter) (Elf:2)
  A skeletal warrior (D:12)
  A goliath frog (Lair:5)
  A shadow wraith (Abyss:3)
  A glowing orange brain (shapeshifter) (Elf:3)
  A lindwurm (shapeshifter) (Elf:3)
  6 deep elf archers
  A spectral hydra (Gauntlet)
  2 orc knights
  3 ugly things (Volcano)
  23 deep elf zephyrmancers
  A wizard (D:12)
  19 deep elf pyromancers
  A spectral boulder beetle (Gauntlet)
  9 orc sorcerers
  4 oklob plants (Lair:3)
  2 will-o-the-wisps (Abyss:3)
  2 wolf spiders (D:12)
  2 cyclopes
  A cyclops (shapeshifter) (Elf:1)
  A worldbinder (Abyss:3)
  2 large abominations (Abyss:3)
  A merfolk siren (Lair:3)
  A shining eye (shapeshifter) (Elf:2)
  3 manticores (D:12)
  A moth of wrath (shapeshifter) (Elf:3)
  2 apocalypse crabs
  A guardian serpent (Lair:3)
  4 smoke demons
  3 black mambas
  Maggie (D:6)
  14 cane toads
  Psyche (D:11)
  A torpor snail (Lair:4)
  2 kobold demonologists
  2 rime drakes
  An efreet (Abyss:3)
  A minotaur zombie (Gauntlet)
  8 komodo dragons
  2 freezing wraiths
  3 ancient zymes (Abyss:3)
  A red devil (Volcano)
  A tengu conjurer (D:14)
  2 polar bears
  A troll (shapeshifter) (Elf:3)
  4 trolls
  3 tyrant leeches (Lair:5)
  28 blink frogs
  8 slime creatures (D:12)
  9 small abominations (Abyss:3)
  4 shadows
  Sigmund (D:2)
  6 wyverns
  A spriggan (Lair:5)
  2 air elementals (Elf:1)
  A ynoxinul (Gauntlet)
  A water elemental (Elf:3)
  35 yaks
  2 wraiths (D:12)
  A basilisk (Lair:4)
  2 fire elementals
  3 steam dragons
  4 neqoxecs
  13 vampire mosquitoes
  7 chaos spawn (Abyss:3)
  7 fire bats (Volcano)
  A redback (shapeshifter) (Elf:2)
  A spatial vortex (Abyss:3)
  6 wargs
  5 hell hounds
  A floating eye (Lair:3)
  9 water moccasins
  3 black bears
  A sky beast (Abyss:3)
  19 orc warriors
  2 ice beasts
  8 ogres
  21 wolves
  3 centaurs
  5 kobold brigands
  A phantom (D:5)
  6 earth elementals
  10 bullfrogs
  3 scorpions
  16 wights
  11 killer bees
  A killer bee (shapeshifter) (Abyss:3)
  3 howler monkeys
  An electric eel (Lair:5)
  6 lava snakes (Volcano)
  6 hounds
  4 jellies
  A gnoll bouda (D:5)
  17 orc priests
  4 starcursed masses (Abyss:3)
  4 iron imps (Gauntlet)
  A sleepcap (D:5)
  Crazy Yiuf (D:2)
  6 iguanas
  39 orc wizards
  Natasha (D:4)
  5 hell rats (Lair:4)
  2 human simulacra (D:14)
  Robin (D:2)
  A gnoll (shapeshifter) (Abyss:3)
  15 adders
  9 gnolls
  4 shadow imps
  4 white imps
  4 ufetubi
  A worm (shapeshifter) (Elf:1)
  4 worms
  A dart slug (shapeshifter) (Abyss:3)
  2 dart slugs
  69 orcs
  7 endoplasms
  4 giant cockroaches
  A goblin (shapeshifter) (Abyss:3)
  14 goblins
  11 hobgoblins
  A hobgoblin (shapeshifter) (Abyss:3)
  7 jackals
  A quokka (shapeshifter) (Abyss:3)
  6 quokkas
  5 ball pythons
  15 bats
  A bat (shapeshifter) (Abyss:3)
  4 frilled lizards
  20 kobolds
  8 rats
  A spectral goblin (D:3)
  2 starspawn tentacles (Abyss:3)
850 creatures vanquished.

Vanquished Creatures (collateral kills)
  A tentacled starspawn (Abyss:3)
  4 deep elf sorcerers
  A quicksilver ooze (shapeshifter) (Elf:2)
  A very ugly thing (Elf:2)
  An ettin (shapeshifter) (Elf:2)
  A deep elf death mage (Elf:3)
  A great orb of eyes (Abyss:3)
  A hydra (shapeshifter) (Elf:2)
  2 dancing weapons
  A death scarab (Gauntlet)
  A spatial maelstrom (Abyss:3)
  A deep elf pyromancer (Elf:3)
  An orc knight (D:12)
  5 deep elf zephyrmancers
  An orc sorcerer (Volcano)
  A molten gargoyle (Volcano)
  An orange demon (Abyss:3)
  An ancient zyme (Abyss:3)
  A tyrant leech (shapeshifter) (Elf:2)
  A raiju (Abyss:3)
  A spectral black mamba (Gauntlet)
  A fire bat (shapeshifter) (Abyss:3)
  A starcursed mass (Elf:1)
  A basilisk (shapeshifter) (D:14)
  3 chaos spawn (Abyss:3)
  2 vampire mosquitoes (Abyss:3)
  A spatial vortex (Abyss:3)
  A spectral cane toad (Gauntlet)
  3 earth elementals (D:11)
  A small abomination (Abyss:3)
  A worm (shapeshifter) (Abyss:3)
  A goblin (shapeshifter) (Abyss:3)
  2 starspawn tentacles (Abyss:3)
47 creatures vanquished.

Vanquished Creatures (others)
  A deep elf annihilator (Elf:3)
  2 deep elf knights
  An orc (D:8)
  4 fungi
  A lurking horror (Abyss:3)
  91 plants
  15 starspawn tentacles (Abyss:3)
115 creatures vanquished.

Grand Total: 1012 creatures vanquished

Notes
Turn   | Place    | Note
-------+----------+-------------------------------------------
     0 | D:1      | kazekaze the Minotaur Berserker began the quest for the
                  | Orb.
     0 | D:1      | Reached XP level 1. HP: 19/19 MP: 0/0
    82 | D:1      | Reached XP level 2. HP: 27/27 MP: 1/1
   210 | D:1      | Reached skill level 4 in Fighting
   334 | D:1      | Reached ** piety under Trog
   366 | D:1      | Reached XP level 3. HP: 33/33 MP: 2/2
   792 | D:2      | Found a radiant altar of Vehumet.
   851 | D:2      | Noticed Robin
   859 | D:2      | Killed Robin
   860 | D:2      | Reached XP level 4. HP: 30/40 MP: 3/3
  1225 | D:2      | Noticed Sigmund
  1239 | D:2      | HP: 3/61 [something (10)]
  1240 | D:2      | Killed Sigmund
  1241 | D:2      | Reached skill level 5 in Axes
  1241 | D:2      | Reached skill level 1 in Unarmed Combat
  1241 | D:2      | Reached XP level 5. HP: 4/47 MP: 4/4
  1562 | D:2      | Found a runed translucent door.
  1563 | D:2      | Noticed Crazy Yiuf
  1576 | D:2      | Killed Crazy Yiuf
  1577 | D:2      | Reached skill level 5 in Fighting
  1577 | D:2      | Reached XP level 6. HP: 23/56 MP: 5/5
  1898 | D:3      | Found a faded altar of an unknown god.
  1989 | D:3      | Reached *** piety under Trog
  2171 | D:3      | Found a broken altar of Ashenzari.
  2334 | D:4      | Reached skill level 1 in Stealth
  2455 | D:3      | Reached XP level 7. HP: 32/62 MP: 6/6
  2740 | D:4      | Identified the +7 short sword of Blind Justice {heavy,
                  | *Rage +Blink rElec Dex+2}
  2818 | D:4      | Noticed Natasha
  2828 | D:4      | Killed Natasha
  2829 | D:4      | Reached skill level 6 in Fighting
  3287 | D:4      | Found a hazy altar of Hepliaklqana.
  3392 | D:5      | Entered Level 5 of the Dungeon
  3920 | D:5      | Reached **** piety under Trog
  3926 | D:5      | Reached skill level 5 in Armour
  3926 | D:5      | Reached XP level 8. HP: 62/71 MP: 7/7
  4155 | D:5      | Reached skill level 7 in Fighting
  4247 | D:5      | Reached skill level 5 in Dodging
  4830 | D:6      | Noticed Maggie
  4850 | D:6      | Killed Maggie
  4851 | D:6      | Reached skill level 8 in Fighting
  4851 | D:6      | Reached XP level 9. HP: 51/81 MP: 8/8
  4966 | D:6      | Found a basalt altar of Yredelemnul.
  5008 | D:6      | Noticed a deep elf zephyrmancer
  5020 | D:6      | Killed a deep elf zephyrmancer
  5039 | D:6      | Reached ***** piety under Trog
  5263 | D:6      | Found a staircase to the Ecumenical Temple.
  5356 | D:6      | Found Kiesimix's Assorted Antiques.
  5461 | D:6      | Bought a scroll labelled OHAUNK DYFEOR for 27 gold pieces
  5461 | D:6      | Bought a scroll labelled ZALEZX XASHRE for 27 gold pieces
  5461 | D:6      | Bought a scroll labelled YKHLASSABAJ for 27 gold pieces
  5852 | D:7      | Reached skill level 10 in Axes
  7047 | D:8      | Noticed a komodo dragon
  7055 | D:8      | Killed a komodo dragon
  7056 | D:8      | Reached skill level 9 in Fighting
  7120 | D:8      | Reached XP level 10. HP: 51/91 MP: 9/9
  7548 | D:9      | Found Wyhoic's Antique Weapon Boutique.
  7558 | D:9      | Received a gift from Trog
  7614 | D:9      | Found a staircase to the Orcish Mines.
  7755 | D:9      | Found a staircase to the Lair.
  7768 | D:9      | Reached skill level 10 in Fighting
  7821 | D:9      | Found a blossoming altar of Fedhas.
  7845 | D:9      | Found a glowing golden altar of the Shining One.
  8093 | D:10     | Entered Level 10 of the Dungeon
  8134 | D:10     | Noticed a two-headed ogre
  8140 | D:10     | Killed a two-headed ogre
  8229 | D:10     | Noticed a cyclops
  8235 | D:10     | Killed a cyclops
  8363 | D:10     | Found a burning altar of Makhleb.
  8404 | D:10     | Found a stormy altar of Qazlal.
  8588 | D:10     | Reached skill level 10 in Armour
  8666 | D:10     | Found a glowing silver altar of Zin.
  8750 | D:10     | Reached XP level 11. HP: 86/101 MP: 10/10
  8913 | D:10     | Reached skill level 11 in Fighting
  9484 | D:11     | Found a sacrificial altar of Ru.
  9601 | D:11     | Noticed a boulder beetle
  9611 | D:11     | Killed a boulder beetle
  9888 | D:11     | Found Jieghamesis's General Store.
  9907 | D:11     | Noticed Psyche
  9916 | D:11     | Killed Psyche
 10439 | D:12     | Noticed a deep elf pyromancer
 10448 | D:12     | Killed a deep elf pyromancer
 10449 | D:12     | Reached skill level 12 in Fighting
 10549 | D:12     | Noticed a sixfirhy
 10785 | D:12     | Received a gift from Trog
 10857 | D:12     | You fall into a shaft and drop 3 floors!
 10857 | D:15     | Entered Level 15 of the Dungeon
 10882 | D:14     | Noticed Snorg
 10893 | D:14     | Killed Snorg
 10920 | D:14     | Noticed a centaur warrior
 10928 | D:14     | Killed a centaur warrior
 10929 | D:14     | Reached XP level 12. HP: 90/113 MP: 11/11
 11162 | D:13     | Noticed a boulder beetle
 11173 | D:13     | Noticed a boulder beetle
 11178 | D:13     | Killed a boulder beetle
 11193 | D:13     | Killed a boulder beetle
 11445 | D:12     | Noticed a death knight
 11452 | D:12     | Reached skill level 13 in Fighting
 11456 | D:12     | Noticed an ogre mage
 11463 | D:12     | Killed a death knight
 11475 | D:12     | Killed an ogre mage
 11477 | D:12     | Reached skill level 15 in Axes
 11920 | D:12     | Noticed a seven-headed hydra
 11929 | D:12     | Killed a four-headed hydra
 12093 | D:12     | Noticed an ogre mage
 12098 | D:12     | Noticed a boulder beetle
 12106 | D:12     | Killed an ogre mage
 12107 | D:12     | Reached skill level 14 in Fighting
 12112 | D:12     | Killed a boulder beetle
 12113 | D:12     | Reached XP level 13. HP: 49/124 MP: 12/12
 12330 | D:12     | Identified the +4 dire flail "Nurrar" {flame, rC+ rCorr
                  | Dex+2}
 12356 | D:12     | Noticed a ghost moth
 12364 | D:12     | Killed a ghost moth
 12951 | Lair:1   | Entered Level 1 of the Lair of Beasts
 13136 | Lair:1   | Identified the +2 trident "Verghul" {heavy, rF+}
 14026 | Lair:2   | Reached skill level 10 in Dodging
 14114 | Lair:2   | Identified the +1 sling "Laugi" {heavy, rN+}
 14855 | Lair:3   | Reached skill level 15 in Fighting
 14933 | Lair:3   | Found a staircase to the Snake Pit.
 14972 | Lair:3   | Found a gate leading to a gauntlet.
 14980 | Gauntlet | Entered a Gauntlet
 14980 | Gauntlet | Found a transporter.
 14980 | Gauntlet | Found a runed translucent door.
 14980 | Gauntlet | Found a transporter.
 14982 | Gauntlet | Found a transporter.
 14982 | Gauntlet | Found a transporter.
 14984 | Gauntlet | Found a runed translucent door.
 14985 | Gauntlet | Found a transporter.
 15019 | Gauntlet | Found a transporter.
 15022 | Gauntlet | Found a transporter.
 15022 | Gauntlet | Found a transporter.
 15026 | Gauntlet | Noticed a cacodemon
 15037 | Gauntlet | Found a transporter.
 15053 | Gauntlet | Found a transporter.
 15062 | Gauntlet | Found a transporter.
 15067 | Gauntlet | Found a transporter.
 15074 | Gauntlet | Found a runed translucent door.
 15105 | Gauntlet | Found a transporter.
 15118 | Gauntlet | Found a transporter.
 15232 | Gauntlet | Identified the amulet "Wahifuwo" {Reflect Fragile Regen+
                  | Dex+4 SH+5 Stlth+}
 15377 | Gauntlet | Killed a cacodemon
 15381 | Gauntlet | Gained mutation: You are weak. (Str -2) [a neqoxec]
 15387 | Gauntlet | Identified the +4 hat of the Flute {Harm *Corrode Regen+}
 15416 | Gauntlet | Noticed a minotaur
 15427 | Gauntlet | Killed a minotaur
 15751 | D:6      | Bought an encrusted plate armour for 756 gold pieces
 15751 | D:6      | Identified the +2 plate armour of Vexation {Slay+3} (You
                  | bought it in a shop on level 6 of the Dungeon)
 15920 | Lair:3   | Noticed Urug
 15936 | Lair:3   | Killed Urug
 15990 | Lair:3   | Paralysed by a floating eye for 3 turns
 16037 | Lair:3   | Paralysed by a floating eye for 4 turns
 16064 | Lair:3   | Paralysed by a floating eye for 2 turns
 16323 | Lair:3   | Reached XP level 14. HP: 136/136 MP: 13/13
 16327 | Lair:3   | Found a staircase to the Shoals.
 16821 | Lair:4   | Found a dark tunnel.
 16826 | Volcano  | Entered a volcano
 16997 | Volcano  | Found a bloodstained altar of Trog.
 17003 | Volcano  | Reached skill level 1 in Shields
 17005 | Volcano  | Reached skill level 16 in Fighting
 17618 | Lair:5   | Entered Level 5 of the Lair of Beasts
 17627 | Lair:5   | Found a staircase to the Slime Pits.
 17628 | Lair:5   | Found a viscous altar of Jiyva.
 17636 | Lair:5   | Received a gift from Trog
 18016 | Lair:5   | Reached skill level 17 in Fighting
 18333 | Lair:5   | Reached skill level 5 in Shields
 18759 | Orc:1    | Entered Level 1 of the Orcish Mines
 18764 | Orc:1    | Found Kidoili's Distillery.
 18841 | Orc:1    | Reached ****** piety under Trog
 18865 | Orc:1    | Found Maloer's Antique Weapon Shop.
 18905 | Orc:1    | Found Ixkettui's Weapon Shop.
 19161 | Orc:2    | Entered Level 2 of the Orcish Mines
 19386 | Orc:2    | Found a staircase to the Elven Halls.
 19406 | Orc:2    | Received a gift from Trog
 19493 | Orc:2    | Reached XP level 15. HP: 147/147 MP: 14/14
 19509 | Orc:2    | Found a radiant altar of Vehumet.
 19521 | Orc:2    | Found Kecwo's Magic Scroll Emporium.
 19530 | Orc:2    | Noticed Nergalle
 19540 | Orc:2    | Killed Nergalle
 19545 | Orc:2    | Found an ancient bone altar of Kikubaaqudgha.
 19577 | Orc:2    | Found Axzut's Magic Scroll Emporium.
 19584 | Orc:2    | Paralysed by an ogre mage for 3 turns
 19588 | Orc:2    | Received a gift from Trog
 19598 | Orc:2    | Found Decin's Book Shoppe.
 19603 | Orc:2    | Found Avinoil's Antique Weapon Shoppe.
 19964 | Elf:1    | Entered Level 1 of the Elven Halls
 20063 | Abyss:2  | Cast into level 2 of the Abyss (a deep elf demonologist)
 20086 | Elf:1    | Escaped the Abyss
 20118 | Elf:1    | Reached skill level 18 in Fighting
 20268 | Elf:1    | Paralysed by an air elemental for 1 turns
 20443 | Elf:1    | Noticed a deep elf sorcerer
 20446 | Elf:1    | Received a gift from Trog
 20456 | Abyss:3  | Found a corrupted altar of Lugonu.
 20456 | Abyss:3  | Cast into level 3 of the Abyss (a deep elf sorcerer)
 20553 | Abyss:3  | Noticed a tentacled starspawn
 20560 | Abyss:3  | Killed a tentacled starspawn
 20649 | Abyss:3  | Noticed a tentacled starspawn
 20653 | Abyss:3  | Noticed a lich
 20654 | Abyss:3  | Noticed a tentacled starspawn
 20658 | Abyss:3  | Killed a tentacled starspawn
 20659 | Abyss:3  | Reached skill level 19 in Fighting
 20659 | Abyss:3  | Killed a lich
 20660 | Abyss:3  | Reached skill level 15 in Armour
 20661 | Abyss:3  | Killed a tentacled starspawn
 20666 | Abyss:3  | Paralysed by accursed screaming for 1 turns
 20669 | Abyss:3  | Noticed a tentacled starspawn
 20670 | Abyss:3  | Got an abyssal rune of Zot
 20674 | Abyss:3  | Paralysed by accursed screaming for 2 turns
 20677 | Elf:1    | Escaped the Abyss
 20680 | Elf:1    | Killed a deep elf sorcerer
 21296 | Elf:2    | Found a runed translucent gate.
 21296 | Elf:2    | Found a runed translucent gate.
 21296 | Elf:2    | Found a runed translucent gate.
 21335 | Elf:2    | Found a huge runed gate.
 21335 | Elf:2    | Found a huge runed gate.
 21335 | Elf:2    | Found a huge runed gate.
 21335 | Elf:2    | Found a huge runed gate.
 21336 | Elf:2    | Found a huge runed gate.
 21336 | Elf:2    | Found a huge runed gate.
 21337 | Elf:2    | Found a huge runed gate.
 21337 | Elf:2    | Found a huge runed gate.
 21337 | Elf:2    | Found a huge runed gate.
 21337 | Elf:2    | Found a huge runed gate.
 21357 | Elf:2    | Reached XP level 16. HP: 161/161 MP: 15/15
 21385 | Elf:2    | Noticed a hellephant
 21397 | Elf:2    | HP: 8/162 [ettin (shapeshifter) (16)]
 21501 | Elf:1    | Killed a hellephant
 21518 | Elf:2    | Reached skill level 20 in Fighting
 21594 | Elf:2    | Found Ackuimai's Antique Armour Boutique.
 21818 | Elf:2    | Received a gift from Trog
 22184 | Elf:3    | Entered Level 3 of the Elven Halls
 22189 | Elf:3    | Found a runed translucent door.
 22190 | Elf:3    | Noticed Pooter's ghost (adept MiBe)
 22191 | Elf:3    | Found Pete's Jewellery Emporium.
 22191 | Elf:3    | Found Opyuf's Weapon Shoppe.
 22215 | Elf:3    | Found Gadauk's Jewellery Shoppe.
 22219 | Elf:3    | Reached skill level 10 in Shields
 22738 | Abyss:3  | Cast into level 3 of the Abyss (a deep elf sorcerer)
 22752 | Abyss:3  | Noticed a tentacled starspawn
 22763 | Abyss:3  | Killed a tentacled starspawn
 22836 | Abyss:3  | Noticed a tentacled starspawn
 22844 | Abyss:3  | Killed a tentacled starspawn
 22933 | Abyss:3  | Noticed a tentacled starspawn
 22934 | Abyss:3  | Noticed a tentacled starspawn
 22941 | Abyss:3  | Killed a tentacled starspawn
 22942 | Abyss:3  | Reached skill level 21 in Fighting
 22945 | Abyss:3  | Killed a tentacled starspawn
 22946 | Abyss:3  | Reached XP level 17. HP: 155/155 MP: 16/16
 23036 | Abyss:3  | Received a gift from Trog
 23043 | Abyss:3  | Reached skill level 1 in Throwing
 23055 | Elf:3    | Escaped the Abyss
 23063 | Elf:3    | Reached skill level 1 in Evocations
 23069 | Elf:3    | Noticed a deep elf blademaster
 23081 | Elf:3    | Killed a deep elf blademaster
 23090 | Elf:3    | Noticed a deep elf master archer
 23096 | Elf:3    | Gained mutation: You are very weak. (Str -4) [a shining
                  | eye]
 23216 | Elf:3    | Noticed a deep elf master archer
 23228 | Elf:3    | Killed a deep elf master archer
 23254 | Elf:3    | Killed from afar by a deep elf annihilator

Illustrated notes

Levels and vault maps discovered:
D:1:      tarquinn_simple_flora_water_a, layout_rooms
D:2:      layout_loops_ring, basic_altar, chequers_big_river, uniq_robin,
          uniq_sigmund, uniq_crazy_yiuf_cottage
D:3:      layout_rooms, amcnicky_altar_gilded,
          dreamdust_ecumenical_altar_drowned_temple, small_statue_intersection
D:4:      layout_basic, nzn_hepliaklqana_mist_gate, uniq_natasha
D:5:      layout_loops_ring, roderic_batcave, grunt_decor_one_mirror,
          nzn_random_ring
D:6:      layout_basic, lemuel_coloured_pillars_altar, temple_statues,
          serial_shops, shop, guppyfry_early_elven_hall, uniq_maggie
D:7:      layout_cave_pods
D:8:      layout_rooms, minmay_bent
D:9:      layout_cave_pools, old_standard_altar, fedhas_bush_and_centaur_altar,
          lair_entry_dummy, david_orc_3, serial_shops, nicolae_shop_waterfront
D:10:     layout_stronghold, zin_treasury, lemuel_round_altar,
          mainiacjoe_overflow_paths, serial_glass, glass_columns_a,
          glass_columns_a, minmay_misc_feat_iff, minmay_misc_feat_secret_circle
D:11:     minmay_stone_box, layout_stronghold, serial_shops,
          nicolae_shop_crystal, nicolae_ru_the_path_less_chosen, uniq_psyche
D:12:     layout_roguey, minmay_the_grid_2x2 [minmay_the_grid_spin_star,
          minmay_the_grid_large_cup, minmay_the_grid_paths,
          minmay_the_grid_prize_shrinking_boxes]
D:13:     evilmike_negative_zone, layout_long_grid,
          portal_ice_cave_demonic_guard, kennysheep_small_square, uniq_erolcha
D:14:     layout_irregular_city, david_vaults_5, minmay_misc_feat_roman,
          bh_circular_ruins, uniq_azrael, uniq_rupert, uniq_snorg
D:15:     grunt_enter_depths_snipers, layout_rooms, serial_park_fountain,
          minmay_puff, uniq_kirke
Lair:1:   layout_long_grid
Lair:2:   layout_roguey, chequers_serial_rivers_marsh,
          chequers_serial_rivers_micro_b, st_stairs_11, serial_bayou_shore_a
Lair:3:   layout_loops_ring, minmay_shoals_entry_lonely_mermaid,
          minmay_snake_entry_spellcaster, gauntlet_entry_generic,
          minmay_lair_oklob_items, disabler_island, lemuel_fruit_fields,
          lemuel_fruit_fields, uniq_urug
Lair:4:   layout_gridlike, nicolae_volcano_entry_s_turn
Lair:5:   minmay_lair_end_frog_pond, layout_cave_pods, slime_entry_1,
          nicolae_quartered_pool_medium, wad_woods_03
Orc:1:    layout_caves, serial_shops, nicolae_shop_statue_plus, shop_statue,
          nicolae_shop_bloodbath_and_beyond, basic_altar
Orc:2:    kennysheep_orc_mage_school, layout_caves
Elf:1:    layout_loops_corners, minmay_elf_demonology
Elf:2:    elven_hall_of_blades_hangedman_original
          [nicolae_blade_entry_antechamber], layout_geoelf_diagonals,
          serial_shops, shop_fountains, not_door_vault_due
Elf:3:    minmay_elf_hall_spiked, layout_geoelf_castle, serial_shops, shop,
          ebering_ghost_inner_flame, minmay_misc_feat_rows, minmay_shoptagon

Skill      XL: |  1  2  3  4  5  6  7  8  9 10 11 12 13 14 15 16 17 |
---------------+----------------------------------------------------+-----
Axes           | 4 5 6 7 9 10 12 14 15 17 18 19 20 | 20.4
Fighting       | 4 5 6 8 9 10 12 14 15 17 19 21 | 21.5
Dodging        | 3 4 5 6 7 8 9 10 | 10.8
Unarmed Combat | 1 |  1.0
Armour         | 3 5 6 8 10 11 12 13 14 15 16 | 16.9
Stealth        | 1 2 3 4 |  4.6
Shields        | 5 8 10 12 | 12.1
Throwing       | 2 |  2.7
Evocations     | 2 |  2.1

Action                     |  1- 3 |  4- 6 |  7- 9 | 10-12 | 13-15 | 16-18 || total
---------------------------+-------+-------+-------+-------+-------+-------++-------
  Melee: Hand axe          |    77 |   102 |   369 |     4 |       |       ||   552
         Punch             |     1 |     2 |     1 |     5 |     8 |       ||    17
         Headbutt          |    11 |     9 |    85 |    74 |   182 |    78 ||   439
         Unarmed           |     5 |     9 |       |       |       |       ||    14
         War axe           |       |       |       |    54 |       |       ||    54
         Broad axe         |       |       |       |   262 |   818 |   332 ||  1412
  Throw: Boomerang         |       |       |       |     5 |       |       ||     5
         Javelin           |       |       |       |       |     6 |       ||     6
 Invoke: Berserk           |     1 |     2 |       |     3 |     2 |       ||     8
         Trog's Hand       |       |       |     1 |     1 |     3 |     2 ||     7
         Brothers in Arms  |       |       |       |     4 |     6 |    12 ||    22
  Evoke: Wand              |       |       |       |     2 |     8 |       ||    10
    Use: Scroll            |       |       |    13 |     5 |    15 |     3 ||    36
         Potion            |       |       |       |     4 |     2 |     3 ||     9
   Stab: Sleeping          |       |     1 |       |     3 |     1 |       ||     5
         Distracted        |       |       |       |     2 |       |     1 ||     3
 Armour: Animal skin       |    11 |    15 |       |       |       |       ||    26
         Skin              |     1 |     5 |       |       |       |       ||     6
         Ring mail         |       |    19 |   165 |     2 |       |       ||   186
         Steam dragon scal |       |       |       |    89 |    44 |       ||   133
         Plate armour      |       |       |       |       |   152 |    79 ||   231
  Dodge: Dodged            |    40 |    59 |   385 |   357 |   401 |    97 ||  1339
  Block: Other             |       |       |       |       |    14 |       ||    14
         Kite shield       |       |       |       |       |   317 |   274 ||   591
         Reflection        |       |       |       |       |    17 |    34 ||    51

Table legend: (Time is in decaauts)
 A = Elapsed time spent in this place.
 B = Non-inter-level travel time spent in this place.
 C = Inter-level travel time spent in this place.
 D = Time resting spent in this place.
 E = Time spent auto-exploring this place.
 F = Levels seen in this place.
 G = Mean time per level.
                   A        B        C        D        E       F      G
               +--------+--------+--------+--------+--------+-----+--------+
         Total |  23206 |  22195 |   1011 |   1375 |  15247 |  30 |  773.5 |
       Dungeon |  13161 |  12617 |    544 |   1122 |   9345 |  15 |  877.4 |
          Lair |   4867 |   4528 |    339 |     13 |   3408 |   5 |  973.4 |
  Orcish Mines |   1183 |   1115 |     68 |      0 |    845 |   2 |  591.5 |
   Elven Halls |   2683 |   2625 |     58 |    120 |   1606 |   3 |  894.3 |
         Abyss |    559 |    559 |      0 |      0 |     13 |   3 |  186.3 |
       Volcano |    271 |    271 |      0 |     34 |     30 |   1 |  271.0 |
      Gauntlet |    479 |    479 |      0 |     85 |      0 |   1 |  479.0 |
               +--------+--------+--------+--------+--------+-----+--------+

Top non-repeatable levels by time:
    D:12: 2079 daAuts
    D:10: 1383 daAuts
     D:2: 1375 daAuts
     D:5: 1341 daAuts
  Lair:5: 1082 daAuts
    D:11: 1075 daAuts
  Lair:1: 1063 daAuts
  Lair:3: 1054 daAuts
   Elf:1: 1043 daAuts
     D:6: 1034 daAuts
     D:7: 955 daAuts
     D:8: 909 daAuts
   Elf:2: 908 daAuts
  Lair:2: 892 daAuts
     D:4: 848 daAuts
